 Dungeon Sprint DCSS version 0.29.1-13-g9f3cf754e1 (webtiles) character file.

Game seed: 2843323090445228292

900000 theswoord the Trooper (level 1, -13/18 HPs)
             Began as a Mummy Monk on Jan 24, 2023.
             Was a Believer of Makhleb.
             Mangled by a bag of meat
             ... wielding a +9 war axe
              (31 damage)
             ... in the Dungeon (Sprint VIII: "Arena of Blood").
             The game lasted 00:00:18 (9 turns).

theswoord the Trooper (Mummy Monk)                     Turns: 9, Time: 00:00:19

Health: -13/18     AC:  2    Str: 14    XL:     1   Next: 0%
Magic:  1/1        EV: 12    Int:  9    God:    Makhleb [**....]
Gold:   0          SH:  0    Dex: 14    Spells: 0/0 levels left

rFire   x . .      SeeInvis .   d - +∞ Axe of Woe
rCold   + . .      Faith    .   (shield currently unavailable)
rNeg    + + +      Spirit   .   b - +0 robe
rPois   ∞          Reflect  .   (no helmet)
rElec   .          Harm     .   (no cloak)
rCorr   .          Rampage  .   (no gloves)
Will    .....      NoTele   +   (no boots)
Stlth   ++........              (no amulet)
HPRegen 0.06/turn               (no ring)
MPRegen 0.07/turn               (no ring)

@: no status effects
A: cold resistance 1, negative energy resistance 3, torment resistance 2, heat
vulnerability 1, no potions
a: Renounce Religion, Minor Destruction


You were in the Dungeon.
You worshipped Makhleb.
Makhleb was pleased with you.
You visited 1 branch

Inventory:

Hand Weapons
 a - a +0 hand axe
 d - the +∞ Axe of Woe (weapon)
   (You found it in the Dungeon)
Armour
 b - a +0 robe (worn)
Scrolls
 c - a scroll of blinking


   Skills:
 - Level 3.0 Fighting
 + Level 2.4 Axes
 - Level 2.4 Dodging
 - Level 1.5 Stealth


You couldn't memorise any spells.
You didn't know any spells.
Your spell library was empty.

Dungeon Overview and Level Annotations

Branches:
Dungeon (1/1)

Altars:
Makhleb


Innate Abilities, Weirdness & Mutations

You are immune to poison.
Your flesh is cold resistant. (rC+)
You are immune to negative energy. (rN+++)
You are immune to unholy pain and torment.
You are vulnerable to heat. (rF-)
You do not drink.


Message History

d - the +∞ Axe of Woe
d - the +∞ Axe of Woe (weapon)
You hear a shout! x6
A bag of meat comes into view. It is wielding a +9 war axe.
You hear a shout!
A bag of meat comes into view. It is wielding a +9 war axe.
You hear a shout! x4
The bag of meat shouts!
You hear a shout! x5
A bag of meat comes into view. It is wielding a +9 war axe.
A meat berserker comes into view. It is wielding a +9 battleaxe.
You hear a shout!
There is a burning altar of Makhleb here.
The bag of meat shouts!
You hear a shout! x9
You hear a shout! x3
A bag of meat comes into view. It is wielding a +9 war axe.
You hear a shout!
There is a burning altar of Makhleb here.
You kneel at the altar of Makhleb.
Makhleb welcomes you!
You can now gain health from killing.
You can now harness Makhleb's destructive might.
You hear a shout! x4
A bag of meat comes into view. It is wielding a +9 war axe.
You hear a shout! x3
You hear a shout! x13
You hear a shout! x6
You hit the bag of meat.
You butcher the bag of meat messily.
You kill the bag of meat!
Makhleb accepts your kill.
You hit the meat berserker.
You slaughter the meat berserker joyfully.
You kill the meat berserker!
Makhleb accepts your kill.
You hear a shout! x11
A bag of meat comes into view. It is wielding a +9 war axe.
You hear a shout! x2
A bag of meat comes into view. It is wielding a +9 war axe.
The bag of meat hits you with a +9 war axe!!
Ouch! That really hurt!
You die...

.. ..... #. ...#
#.. ...# . .###..
.o.###..
......###o.....
......_.o...
#....)# #_.<.@#
#....o#
......_.o.......
......###........
.###.. ...###...
#.. ...# .. #.
....# .. ...o.
......


You could see 6 bags of meat.

Vanquished Creatures
  An ogre (D)
  An orc (D)
2 creatures vanquished.

Notes
Turn   | Place    | Note
-------+----------+-------------------------------------------
     0 | D        | Found the +∞ Axe of Woe
     0 | D        | theswoord the Mummy Monk began the quest for the Orb.
     0 | D        | Reached XP level 1. HP: 18/18 MP: 1/1
     2 | D        | Noticed a bag of meat
     2 | D        | Noticed a bag of meat
     3 | D        | Noticed a bag of meat
     3 | D        | Noticed a meat berserker
     5 | D        | Noticed a bag of meat
     6 | D        | Became a worshipper of Makhleb the Destroyer
     6 | D        | Reached * piety under Makhleb
     6 | D        | Reached ** piety under Makhleb
     6 | D        | Noticed a bag of meat
     9 | D        | Killed a bag of meat
     9 | D        | Killed a meat berserker
     9 | D        | Noticed a bag of meat
     9 | D        | Noticed a bag of meat
     9 | D        | Mangled by a bag of meat

Action                   || total
-------------------------++-------
Melee: Executioner's axe ||     1

Levels and vault maps discovered:
D:        meatsprint
